 Dungeon Crawl Stone Soup version 0.25.1-8-g42b30a86e7 (webtiles) character file.

Game seed: 3335769788166617209

127 gruber the Chiller (level 4, -6/30 HPs)
             Began as a Demonspawn Ice Elementalist on Dec 17, 2020.
             Was an Initiate of Vehumet.
             Killed by nerve-wracking pain
             ... invoked by Grinder
              (9 damage)
             ... on level 3 of the Dungeon.
             The game lasted 00:03:43 (3210 turns).

gruber the Chiller (Demonspawn Ice Elementalist)    Turns: 3210, Time: 00:03:43

Health: -6/30      AC:  5    Str:  8    XL:     4   Next: 85%
Magic:  14/18      EV: 12    Int: 17    God:    Vehumet [......]
Gold:   162        SH:  0    Dex: 14    Spells: 5/9 levels left

rFire    . . .     SeeInvis .   p - +3 hand axe
rCold    . . .     Gourm    .   (no shield)
rNeg     . . .     Faith    .   a - +0 robe
rPois    +         Spirit   .   (helmet restricted)
rElec    .         Reflect  .   o - scarf {+Inv}
rCorr    .         Harm     .   k - +0 pair of gloves
MR       .....                  (no boots)
Stlth    ++........             (no amulet)
HPRegen  0.10/turn              m - ring of poison resistance
MPRegen  0.16/turn              f - ring of magical power

@: no status effects
A: horns 1, yellow scales 1
a: Renounce Religion, Evoke Invisibility


You were on level 3 of the Dungeon.
You worshipped Vehumet.
Vehumet was noncommittal.
You were not hungry.

You visited 1 branch of the dungeon, and saw 3 of its levels.

You collected 162 gold pieces.

Inventory:

Hand Weapons
 p - a +3 hand axe (weapon)
Armour
 a - a +0 robe (worn)
 k - a +0 pair of gloves (worn)
 o - a scarf of invisibility (worn)
Jewellery
 f - a ring of magical power (right hand)
 m - a ring of poison resistance (left hand)
 q - an uncursed amulet of guardian spirit {unknown}
Wands
 n - a wand of random effects (18)
Scrolls
 b - 3 scrolls of teleportation {unknown}
 e - 2 scrolls of remove curse {unknown}
 g - a scroll of enchant armour {unknown}
 h - a scroll of fear {unknown}
 i - 2 scrolls of enchant weapon {unknown}
 l - 2 scrolls of identify {unknown}
Potions
 j - a potion of cancellation
Comestibles
 c - 6 rations


   Skills:
 - Level 1.7 Dodging
 - Level 1.7 Stealth
 + Level 3.3 Spellcasting
 + Level 5.0 Ice Magic


You had 5 spell levels left.
You knew the following spells:

 Your Spells              Type           Power        Failure   Level  Hunger
a - Freeze                Ice            ###.         2%          1    None
b - Frozen Ramparts       Ice            ###...       6%          3    ###....

Your spell library contained the following spells:

 Spells                   Type           Power        Failure   Level  Hunger
 Ozocubu's Armour         Chrm/Ice       ##......     19%         3    ###....
 Hailstorm                Conj/Ice       ##......     52%         4    ####...
 Summon Ice Beast         Ice/Summ       ##......     52%         4    ####...


Dungeon Overview and Level Annotations

Branches:
Dungeon (3/15)

Altars:
Ashenzari
Dithmenos
Fedhas
Gozag
Hepliaklqana
Ru
Sif Muna
Vehumet
Yredelemnul

Annotations:
D:3 Grinder, Jessica


Innate Abilities, Weirdness & Mutations

You have a pair of small horns on your head.
You are partially covered in yellow scales. (AC +2)


Message History

Grinder blinks!
Unknown command.
Unknown command.
Evoke which item? (* to show all) (? for menu, Esc to quit)
Aiming: Random Effects
Press: ? - help, Shift-Dir - straight line, f/p - Grinder
Aim: Grinder (almost dead) Grinder flickers and vanishes!
Deactivating autopickup; reactivate with Ctrl-A.
The frozen ramparts melt away.
Unknown command.
Unknown command.
Evoke which item? (* to show all) (? for menu, Esc to quit)
Aiming: Random Effects
Press: ? - help, Shift-Dir - straight line Nothing appears to happen.
Pain shoots through your body!
* * * LOW HITPOINT WARNING * * *
Jessica the Apprentice Sorceress comes into view.
Pain shoots through your body!
You die...

.##...#....##.
..##..#...##..
...##.#..##... ..######....
## ..#=..#..... ..
#######._.###### #. ###
@.....#...#..[.. #.
#.######.....####'#..... #.
#......@....##..#.##....
##.##...####...##...#..##...
#.....#.# ..##....#...##..
##..#.#.# .##.....#....##.
#..#.#.# ##......#.....##
#..#.#.. #.......#......#
#..#.### ###.#.##.#..####
#..#.# #...##...## #..#.#
#####.####.#######


You could see Jessica.

Vanquished Creatures
  An orc wizard (D:3)
  2 adders (D:2)
  3 dart slugs (D:2)
  2 worms
  A leopard gecko (D:1)
  5 orcs (D:3)
  8 giant cockroaches
  9 goblins
  5 hobgoblins
  10 kobolds
  A quokka (D:2)
  6 bats
  2 frilled lizards (D:1)
  7 rats
62 creatures vanquished.

Notes
Turn   | Place    | Note
-------+----------+-------------------------------------------
     0 | D:1      | gruber the Demonspawn Ice Elementalist began the quest for
                  | the Orb.
     0 | D:1      | Reached XP level 1. HP: 13/13 MP: 3/3
   402 | D:1      | Reached skill level 4 in Ice Magic
   463 | D:1      | Gained mutation: You have a pair of small horns on your
                  | head. [demonic ancestry]
   463 | D:1      | Reached XP level 2. HP: 18/19 MP: 3/5
  1118 | D:2      | Found an opulent altar of Gozag.
  1121 | D:2      | Gained mutation: You are partially covered in yellow
                  | scales. (AC +2) [demonic ancestry]
  1121 | D:2      | Reached XP level 3. HP: 24/24 MP: 6/6
  1126 | D:2      | Learned a level 3 spell: Frozen Ramparts
  1858 | D:3      | Found a shattered altar of Ashenzari.
  1875 | D:3      | Found a sacrificial altar of Ru.
  1903 | D:3      | Reached XP level 4. HP: 30/30 MP: 8/8
  1918 | D:3      | Found a blossoming altar of Fedhas.
  1974 | D:3      | Found a radiant altar of Vehumet.
  2096 | D:3      | Became a worshipper of Vehumet
  2316 | D:3      | Found a shimmering blue altar of Sif Muna.
  2352 | D:3      | Found a basalt altar of Yredelemnul.
  2483 | D:3      | Found a shadowy altar of Dithmenos.
  3112 | D:3      | Found a hazy altar of Hepliaklqana.
  3130 | D:3      | Reached skill level 5 in Ice Magic
  3190 | D:3      | Noticed Grinder
  3196 | D:3      | Paralysed by Grinder for 5 turns
  3210 | D:3      | Noticed Jessica
  3210 | D:3      | Killed from afar by Grinder

Illustrated notes

Levels and vault maps discovered:
D:1:      ncdulo_halloftheorcs, layout_rooms
D:2:      layout_rooms, nicolae_overflow_crystal_walls
D:3:      layout_basic, nicolae_overflow_quartered_altars, old_standard_altar,
          old_standard_altar, vehumet_crystals, nicolae_ashenzari_panopticon,
          uniq_jessica, uniq_grinder

Skill      XL: |  1  2  3  4 |
---------------+-------------+-----
Ice Magic      | 4 5 |  5.0
Spellcasting   | 3 |  3.3
Dodging        | |  1.7
Stealth        | |  1.7

Action                   |  1- 3 |  4- 6 || total
-------------------------+-------+-------++-------
Melee: Unarmed           |    17 |       ||    17
       Dagger            |    47 |    48 ||    95
       Headbutt          |     4 |    10 ||    14
       Hand axe          |       |    12 ||    12
 Cast: Freeze            |    29 |       ||    29
       Frozen Ramparts   |     1 |     8 ||     9
Evoke: Wand              |       |     7 ||     7
  Use: Potion            |       |     2 ||     2
 Stab: Sleeping          |     4 |     1 ||     5
       Distracted        |     1 |       ||     1
  Eat: Chunk             |     4 |     4 ||     8
Armor: Robe              |    18 |    15 ||    33
Dodge: Dodged            |    55 |    35 ||    90
